 Dungeon Crawl Stone Soup version 0.26-a0-651-gb41185065b (webtiles) character file.

Game seed: 4308634646396894161

(classic levelgen) 550 EnegeticOcto the Chopper (level 7, 38/64 HPs)
             Began as a Deep Dwarf Fighter on Sept 30, 2020.
             Quit the game on level 4 of the Dungeon.
             The game lasted 00:01:18 (1870 turns).

EnegeticOcto the Chopper (Deep Dwarf Fighter)       Turns: 1870, Time: 00:01:19

Health: 38/64      AC:  6    Str: 27    XL:     7   Next: 7%
Magic:  5/5        EV:  8    Int:  9    God:
Gold:   95         SH: 10    Dex: 12    Spells: 6/6 levels left

rFire    . . .     SeeInvis .   a - +0 war axe
rCold    . . .     Faith    .   c - +0 kite shield
rNeg     . . .     Spirit   .   b - +0 scale mail
rPois    +         Reflect  .   r - -2 helmet (curse)
rElec    .         Harm     .   (no cloak)
rCorr    .         Rampage  .   (no gloves)
MR       +....                  (no boots)
Stlth    ..........             (no amulet)
HPRegen  0.00/turn              g - ring of poison resistance
MPRegen  0.09/turn              q - +6 ring of strength

@: non-regenerating
A: damage resistance, heal wounds, sense surroundings 1, no regeneration
a: Heal Wounds


You were on level 4 of the Dungeon.
You visited 2 branches of the dungeon, and saw 5 of its levels.

You collected 95 gold pieces.

Inventory:

Hand Weapons
 a - a +0 war axe (weapon)
Armour
 b - a +0 scale mail (worn)
 c - a +0 kite shield (worn)
 r - a cursed -2 helmet (worn)
Jewellery
 g - a ring of poison resistance (left hand)
 h - an uncursed amulet of magic regeneration {unknown}
 n - a +4 ring of evasion {unknown}
 q - a +6 ring of strength (right hand)
Wands
 k - a wand of polymorph (9)
Scrolls
 e - a scroll of remove curse {unknown}
 i - 5 scrolls of identify {unknown}
 j - a scroll of enchant weapon {unknown}
 l - 2 scrolls of teleportation {unknown}
 m - a scroll of magic mapping {unknown}
 p - a scroll of fear {unknown}
Potions
 d - 2 potions of might {@q3}
 f - a potion of flight {unknown}
 o - a potion of invisibility {unknown}
 s - a potion of lignification {unknown}


   Skills:
 + Level 4.0 Fighting
 * Level 5.6 Axes
 + Level 4.9 Armour
 + Level 4.9 Shields


You had 6 spell levels left.
You didn't know any spells.
Your spell library was empty.

Dungeon Overview and Level Annotations

Branches:
Dungeon (4/15)             Temple (1/1) D:4

Altars:
Ashenzari
Cheibriados
Elyvilon
Fedhas
Gozag
Hepliaklqana
Nemelex Xobeh
Okawaru
Qazlal
Ru
Sif Muna
Trog
Vehumet
Xom
Yredelemnul
Zin
The Shining One


Innate Abilities, Weirdness & Mutations

You are resistant to damage.
You can heal yourself by infusing magical energy.
You passively map a small area around you.
You do not regenerate.


Message History

You miss the hound.
The hound is heavily wounded.
The hound bites you. You block the hound's attack.
You barely miss the hound.
The hound is heavily wounded.
The hound bites you but does no damage. You block the hound's attack.
You slash the hound!
You kill the hound!
No target in view!
You start putting on your armour.
You continue putting on your helmet. x4
You finish putting on your cursed -2 helmet.
Oops, that feels deathly cold.
You hear the quick hiss of a distant avalanche of sand.
i - 5 scrolls labeled JODOEFEWUR (gained 1)
Things that are here:
a +0 giant club; a +0 flail; an ogre skeleton You see here a +0 flail.
You hear the quick hiss of a distant avalanche of sand.
You see here a +0 flail.
Things that are here:
a +0 giant club; a +0 flail A ball python comes into view.
The ball python hisses angrily.
Found 13 stones.
A ball python is nearby!
A ball python is nearby!
A ball python is nearby!
A ball python is nearby!
You slash the ball python!
You kill the ball python!
No target in view!
No target in view!
No target in view!
No target in view!
No target in view!
No target in view!
No target in view!
No target in view!
No target in view!
No target in view!
No target in view!
s - an orange potion You now have 75 gold pieces (gained 4).
You hear the rapid hiss of a distant avalanche of sand.
You hear the rapid hiss of a distant avalanche of sand.
You hear the rapid hiss of an avalanche of sand nearby.
You now have 84 gold pieces (gained 9).
Found a sand-covered staircase.
There is an empty arch of ancient stone here.
There is an empty arch of ancient stone here.
The hiss of flowing sand is almost imperceptible now.
An orc comes into view. It is wielding a +0 club.
The orc shouts!
There is an empty arch of ancient stone here.
The hiss of flowing sand is gone.
You closely miss the orc. The orc barely misses you.
The orc hits you but does no damage.
You closely miss the orc. The orc barely misses you.
You hit the orc but do no damage. The orc hits you but does no damage.
You barely miss the orc. The orc hits you with a +0 club.
You hit the orc.
The orc is almost dead.
The orc barely misses you.
You slash the orc!
You kill the orc!
No target in view!
No target in view!
There is an empty arch of ancient stone here.
Things that are here:
a +0 club; a +0 leather armour; an orc corpse
Found a short sword.
Found a stone staircase leading up.
Found a stone staircase leading up.
There is a stone staircase leading up here.
You now have 95 gold pieces (gained 11).
You see here a short sword.
You see here 20 arrows.
Done exploring.
Done exploring.
Done exploring.
No target in view!
No target in view!
No target in view!
No target in view!
No target in view!
No target in view!
No target in view!
No target in view!
No target in view!
No target in view!
No target in view!
No target in view!
No target in view!
No target in view!
Done exploring.
No target in view!
No target in view!
No target in view!
No target in view!
Are you sure you want to abandon this character and quit the game? (Confirm with "yes".)

## ### #.####.####
###
##......#.###.##
####.######...###.#
#.#.## #...# ##.
#.@## #...## #.
##.# #....###. ###
#....##.. ###
##......## #.#
###......##
#.####..#####.#
##.....## #.##
#.###.## ##.## #.#
#..# #.##


There were no monsters in sight!

Vanquished Creatures
  2 ogres (D:4)
  A scorpion (D:4)
  A hound (D:4)
  A centaur skeleton (D:4)
  Natasha (thrice) (D:3)
  Ijyb (D:3)
  3 worker ants (D:4)
  2 hound skeletons (D:4)
  3 gnolls (D:4)
  An adder (D:3)
  An ooze (D:4)
  A dart slug (D:4)
  6 orcs
  2 bats
  2 giant cockroaches
  4 goblins
  3 hobgoblins
  2 kobolds
  A quokka (D:4)
  2 ball pythons
  3 frilled lizards
  A jackal skeleton (D:4)
  5 rats
51 creatures vanquished.

Notes
Turn   | Place    | Note
-------+----------+-------------------------------------------
     0 | D:1      | EnegeticOcto the Deep Dwarf Fighter began the quest for the
                  | Orb.
     0 | D:1      | Reached XP level 1. HP: 20/20 MP: 1/1
    95 | D:2      | Reached XP level 2. HP: 20/27 MP: 2/2
   114 | D:3      | Noticed Natasha
   122 | D:3      | Noticed a crimson imp
   127 | D:3      | Killed Natasha
   127 | D:3      | Reached skill level 3 in Axes
   127 | D:3      | Reached XP level 3. HP: 22/34 MP: 3/3
   195 | D:3      | Noticed Natasha
   202 | D:3      | Killed Natasha
   202 | D:3      | Reached XP level 4. HP: 27/42 MP: 4/4
   226 | D:3      | Noticed Ijyb
   253 | D:3      | Killed Ijyb
   348 | D:3      | Noticed Natasha
   364 | D:3      | Killed Natasha
   416 | D:3      | Reached skill level 4 in Axes
   500 | D:3      | Found a hazy altar of Hepliaklqana.
   514 | D:3      | Reached XP level 5. HP: 39/49 MP: 4/4
   624 | D:4      | Noticed an ogre
   639 | D:4      | Killed an ogre
   673 | D:4      | Found a staircase to the Ecumenical Temple.
   684 | D:4      | Noticed an ogre
   686 | D:4      | Reached XP level 6. HP: 45/56 MP: 5/5
   699 | D:4      | Reached skill level 5 in Axes
   724 | Temple   | Entered the Ecumenical Temple
   809 | D:4      | Found a radiant altar of Vehumet.
  1032 | D:4      | Reached XP level 7. HP: 42/64 MP: 5/5
  1250 | D:4      | Found a sand-covered staircase.
  1870 | D:4      | Quit the game

Illustrated notes

Levels and vault maps discovered:
D:1:      eino_arrival_water_star, layout_loops_ring
D:2:      layout_loops_ring
D:3:      layout_loops_ring, overflow_temple_1_default, uniq_ijyb, uniq_natasha
D:4:      layout_layer_cave, vehumet_crystals, minmay_temple_entry_mist,
          chequers_ossuary_entry_cave
Temple:   eino_wide_crystal_templ

Skill      XL: |  1  2  3  4  5  6 |
---------------+-------------------+-----
Fighting       | 3 4 |  4.0
Axes           | 3 4 5 |  5.6
Armour         | 4 |  4.9
Shields        | 4 |  4.9

Action                   |  1- 3 |  4- 6 |  7- 9 || total
-------------------------+-------+-------+-------++-------
Melee: War axe           |    59 |   125 |    16 ||   200
       Unarmed           |       |     5 |       ||     5
 Abil: Heal Wounds       |     1 |     6 |       ||     7
Armor: Scale mail        |    34 |    52 |     3 ||    89
Dodge: Dodged            |    26 |    35 |    10 ||    71
Block: Kite shield       |    43 |    64 |     6 ||   113

Table legend: (Time is in decaauts)
 A = Elapsed time spent in this place.
 B = Non-inter-level travel time spent in this place.
 C = Inter-level travel time spent in this place.
 D = Time resting spent in this place.
 E = Time spent auto-exploring this place.
 F = Levels seen in this place.
 G = Mean time per level.
                   A        B        C        D        E       F      G
               +--------+--------+--------+--------+--------+-----+--------+
         Total |   1946 |   1856 |     90 |     78 |   1289 |   5 |  389.2 |
       Dungeon |   1894 |   1816 |     78 |     78 |   1251 |   4 |  473.5 |
        Temple |     51 |     39 |     12 |      0 |     38 |   1 |   51.0 |
               +--------+--------+--------+--------+--------+-----+--------+

Top non-repeatable levels by time:
     D:4: 1227 daAuts
     D:3: 541 daAuts
     D:1: 92 daAuts
  Temple: 51 daAuts
     D:2: 33 daAuts
